 Dungeon Crawl Stone Soup version 0.29-a0-284-gf9362112df (webtiles) character file.

Game seed: 9893889965084378911

108 silky the Cudgeller (level 4, 0/41 HPs)
             Began as a Minotaur Chaos Knight on Mar 31, 2022.
             Was a Plaything of Xom.
             Slain by a gnoll
             ... wielding a +0 club
              (4 damage)
             ... on level 3 of the Dungeon.
             The game lasted 00:03:52 (1880 turns).

silky the Cudgeller (Minotaur Chaos Knight)         Turns: 1880, Time: 00:03:54

Health: 0/41       AC:  9    Str: 18    XL:     4   Next: 58%
Magic:  3/3        EV:  9    Int:  9    God:    Xom [.....*]
Gold:   104        SH:  0    Dex: 10    Spells: 3/3 levels left

rFire   + . .      SeeInvis .   a - +0 mace (chaos)
rCold   . . .      Faith    .   (no shield)
rNeg    . . .      Spirit   .   g - +0 scale mail
rPois   .          Reflect  .   (helmet restricted)
rElec   .          Harm     .   l - scarf {repulsion}
rCorr   .          Rampage  .   i - +1 pair of gloves {Stlth+}
Will    .....                   (no boots)
Stlth   +.........              f - amulet of magic regeneration
HPRegen 0.00/turn               k - ring of protection from fire
MPRegen 0.48/turn               (no ring)

@: inhibited regen, repel missiles
A: horns 2, retaliatory headbutt, inhibited regeneration, subdued magic 1
a: Renounce Religion


You were on level 3 of the Dungeon.
You worshipped Xom.
You were Xom's teddy bear.
You visited 1 branch of the dungeon, and saw 3 of its levels.

You collected 104 gold pieces.

Inventory:

Hand Weapons
 a - a +0 mace of chaos (weapon)
Armour
 g - a +0 scale mail (worn)
 i - a +1 pair of gloves of stealth (worn)
 l - a scarf of repulsion (worn)
Jewellery
 f - an amulet of magic regeneration (around neck)
 h - an amulet of the acrobat
 k - a ring of protection from fire (left hand)
 p - an amulet of guardian spirit
Scrolls
 b - a scroll of identify {unknown}
 d - a scroll of silence {unknown}
 e - 2 scrolls of enchant weapon {unknown}
 j - a scroll of brand weapon {unknown}
 n - a scroll of magic mapping {unknown}
Potions
 o - a potion of lignification {unknown}
Miscellaneous
 c - a piece from Xom's chessboard (15/15) (quivered)


   Skills:
 + Level 4.7 Fighting
 + Level 4.9 Maces & Flails
 + Level 3.5 Armour
 + Level 1.3 Dodging


You had 3 spell levels left.
You didn't know any spells.
Your spell library was empty.

Dungeon Overview and Level Annotations

Branches:
Dungeon (3/15)

Altars:


Innate Abilities, Weirdness & Mutations

You have a pair of horns on your head.
You reflexively headbutt those who attack you in melee.
You do not regenerate when monsters are visible.
Your spells are a little easier to cast, but a little less powerful.


Message History

You sock the gnoll shaman!
The gnoll shaman is moving more slowly.
You headbutt the gnoll shaman.
The gnoll shaman is severely wounded.
The gnoll shaman hits you with a +0 club.
The gnoll zaps a wand.
The puff of flame hits you but does no damage.
You resist. The gnoll shaman barely misses you.
The gnoll hits you but does no damage.
You sock the gnoll!
You kill the gnoll!
The gnoll shaman closely misses you. You furiously retaliate!
You headbutt the gnoll shaman.
The gnoll shaman hits you with a +0 club!
You barely miss the gnoll. The gnoll shaman barely misses you.
You furiously retaliate!
You headbutt the gnoll shaman!
You kill the gnoll shaman!
The gnoll closely misses you.
You barely miss the gnoll. The gnoll hits you with a +0 flail.
The gnoll hits you with a +0 club. x2; The gnoll hits you but does no damage.
You hit the gnoll but do no damage. The gnoll hits you with a +0 flail.
* * * LOW HITPOINT WARNING * * *
The gnoll barely misses you.
A gnoll comes into view. It is wielding a +0 flail.
You closely miss the gnoll. The gnoll barely misses you.
You furiously retaliate!
You headbutt the gnoll! The gnoll barely misses you.
You completely miss the gnoll. The gnoll hits you but does no damage.
The gnoll hits you with a +0 club.
* * * LOW HITPOINT WARNING * * *
You hit the gnoll but do no damage. Your headbutt misses the gnoll.
The gnoll is heavily wounded.
The gnoll hits you but does no damage. The gnoll hits you with a +0 club.
* * * LOW HITPOINT WARNING * * *
It was a potion of mutation.
You feel extremely strange.
Your connection to magic feels subdued.
Xom thinks this is hilarious!
Your regeneration stops near monsters.
The gnoll completely misses you. You furiously retaliate!
You headbutt the gnoll. The gnoll hits you with a +0 club.
You die...
Xom bursts into laughter!

################
#.......g......g
#>##.###g###### #.##.#
#g####### #.##.#
#@g......
####.##.###.#######
#...#........#
#.#...#.###..##
#.............#
#........####..#
...#...#..####..# ##
##...###........###....
##.. .............#


You could see 4 gnolls.

Vanquished Creatures
  A gnoll shaman (D:3)
  A gnoll (D:3)
  6 worms
  A dart slug (D:1)
  A ball python (D:1)
  6 bats
  6 endoplasms
  2 giant cockroaches (D:1)
  5 goblins
  6 hobgoblins
  3 jackals (D:2)
  A quokka (D:2)
  A frilled lizard (D:3)
  4 kobolds
  4 rats
48 creatures vanquished.

Notes
Turn   | Place    | Note
-------+----------+-------------------------------------------
     0 | D:1      | silky the Minotaur Chaos Knight began the quest for the
                  | Orb.
     0 | D:1      | Reached XP level 1. HP: 19/19 MP: 0/0
   124 | D:1      | XOM: silly message
   154 | D:1      | Noticed a shining eye
   167 | D:1      | Found a faded altar of an unknown god.
   172 | D:1      | Noticed a great orb of eyes
   181 | D:1      | Noticed an eye of devastation
   181 | D:1      | Noticed an eye of devastation
   276 | D:1      | XOM: silly message
   421 | D:1      | Reached XP level 2. HP: 23/27 MP: 1/1
   998 | D:2      | Reached XP level 3. HP: 26/34 MP: 2/2
  1117 | D:2      | XOM: cloud trail
  1275 | D:2      | XOM is BORED!
  1275 | D:2      | XOM: stat loss: -1 Str (17/18)
  1406 | D:2      | XOM: scenery: summon butterflies
  1790 | D:3      | XOM: destruction
  1797 | D:3      | Reached XP level 4. HP: 36/41 MP: 3/3
  1880 | D:3      | Gained mutation: Your spells are a little easier to cast,
                  | but a little less powerful. [potion of mutation]
  1880 | D:3      | Gained mutation: You do not regenerate when monsters are
                  | visible. [potion of mutation]
  1880 | D:3      | Slain by a gnoll

Illustrated notes

Levels and vault maps discovered:
D:1:      erik_arrival_blinker_ship, layout_basic,
          hellmonk_ecumenical_altar_watching_god, minmay_tromino_v7
D:2:      layout_basic, chequers_serial_rivers_small_3
D:3:      layout_loops_ring

Skill      XL: |  1  2  3 |
---------------+----------+-----
Fighting       | 4 |  4.7
Maces & Flails | 4 |  4.9
Armour         | 3 |  3.5
Dodging        | |  1.3

Action                   |  1- 3 |  4- 6 || total
-------------------------+-------+-------++-------
Melee: Mace              |    91 |    18 ||   109
       Headbutt          |    19 |     1 ||    20
       Punch             |     1 |       ||     1
  Use: Potion            |       |     1 ||     1
Armor: Leather armour    |     5 |       ||     5
       Scale mail        |    50 |     6 ||    56
Dodge: Dodged            |    48 |    15 ||    63
       Repelled          |       |     1 ||     1

Table legend: (Time is in decaauts)
 A = Elapsed time spent in this place.
 B = Non-inter-level travel time spent in this place.
 C = Inter-level travel time spent in this place.
 D = Time resting spent in this place.
 E = Time spent auto-exploring this place.
 F = Levels seen in this place.
 G = Mean time per level.
                   A        B        C        D        E       F      G
               +--------+--------+--------+--------+--------+-----+--------+
         Total |   1901 |   1901 |      0 |      0 |   1453 |   3 |  633.7 |
       Dungeon |   1901 |   1901 |      0 |      0 |   1453 |   3 |  633.7 |
               +--------+--------+--------+--------+--------+-----+--------+

Top non-repeatable levels by time:
     D:2: 874 daAuts
     D:1: 873 daAuts
     D:3: 153 daAuts
